 Dungeon Crawl Stone Soup version 0.32-a0-673-g3729bd50f8 (webtiles) character file.

Game seed: 2768237725515342812

194820 juan097 the Spry (level 18, -13/112 (122) HPs)
             Began as a Felid Berserker on Mar 9, 2024.
             Was the Champion of Trog.
             Mangled by a pharaoh ant (33 damage)
             ... on level 2 of the Spider Nest on Mar 10, 2024.
             The game lasted 01:39:01 (39220 turns).

juan097 the Spry (Felid Berserker)                 Turns: 39220, Time: 01:39:01

HP:   -13/112 (122) AC: 10    Str: 22    XL:     18   Next: 11%
MP:   28/28         EV: 23    Int: 13    God:    Trog [******]
Gold: 1113          SH:  0    Dex: 19    Spells: 17/17 levels left
                                        Lives: 0   Deaths: 6

rFire   + .          .
                       - Unarmed
rCold   + + +        (shield unavailable)
rNeg    . . .        (body armour unavailable)
rPois   +            (helmet unavailable)
rElec   .            (cloak unavailable)
rCorr   +            (gloves unavailable)
SInv    +            (boots unavailable)
Will    ++...        k - amulet of Mysticism {^Drain rC+++ Regen+ MP+9 Int+2}
Stlth   ++++++       X - ring of the Turtle {rF+ Str+2 Dex-3 Stlth+}
HPRegen 1.18/turn    S - ring of resist corrosion
MPRegen 0.21/turn

%: no passive effects
@: snake-form, hasted, drained, very quick
A: constrict, boosted hp, large, (claws 1), (fangs 3), see invisible, (shaggy
fur 3), (stealthy paws), no weapons or thrown items, no armour, multi-lived
a: Begin Untransformation, Renounce Religion, Berserk, Trog's Hand, Brothers in
Arms


You were on level 2 of the Spider Nest.
You worshipped Trog.
Trog was exalted by your worship.
You were an enormous serpent.
You visited 5 branches of the dungeon, and saw 28 of its levels.
You visited 1 bazaar.
You also visited: Gauntlet and Ice Cave.

You collected 3192 gold pieces.
You spent 2079 gold pieces at shops.

Inventory:

Jewellery
 k - the amulet of Mysticism (around neck) {^Drain rC+++ Regen+ MP+9 Int+2}
   (You took it off a minotaur in a Gauntlet)

   [amulet of regeneration]

   Int+2:     It affects your intelligence (+2).
   rC+++:     It renders you almost immune to cold.
   MP+9:      It affects your magic capacity (+9).
   Regen+:    It increases your rate of health regeneration.
   ^Drain:    It drains your maximum health when unequipped.
 r - a ring of flight
 u - a ring of poison resistance
 R - the ring of Liberty {Fire Int+3}
   (You bought it in a shop in a bazaar)

   [ring of fire]

   Fire:      It enhances your fire magic.
   Int+3:     It affects your intelligence (+3).
   rF+:       It protects you from fire.
   rC-:       It makes you vulnerable to cold.
 S - a ring of resist corrosion (right hand)
 T - a ring of positive energy
 V - a ring of willpower
 X - the ring of the Turtle (left hand) {rF+ Str+2 Dex-3 Stlth+}
   (You found it in a Gauntlet)

   [ring of protection from fire]

   Str+2:     It affects your strength (+2).
   Dex-3:     It affects your dexterity (-3).
   rF+:       It protects you from fire.
   Stlth+:    It makes you more stealthy.
Talismans
 h - a granite talisman
 m - a serpent talisman (active)
Wands
 e - a wand of warping (22)
 o - a wand of charming (10)
 y - a wand of polymorph (7)
 I - a wand of flame (27)
 L - a wand of mindburst (5)
 M - a wand of acid (17)
Scrolls
 b - 4 scrolls of fog
 c - 2 scrolls of torment
 d - a scroll of blinking
 f - 3 scrolls of vulnerability
 j - 3 scrolls of revelation
 p - 11 scrolls of teleportation
 s - 4 scrolls of fear
 t - a scroll of silence
 E - 2 scrolls of immolation
 Q - 2 scrolls of summoning
Potions
 a - 2 potions of cancellation
 i - 5 potions of enlightenment
 l - 11 potions of curing
 n - 2 potions of might
 v - 5 potions of attraction
 w - 4 potions of haste
 x - 7 potions of invisibility
 A - 2 potions of ambrosia
 D - 6 potions of berserk rage
 F - 2 potions of lignification
 K - 5 potions of mutation
 P - a potion of resistance
Miscellaneous
 g - a phial of floods (inert)
 B - a phantom mirror
 Z - a lightning rod (4/4)


   Skills:
 - Level 14.6 Fighting
 - Level 20.6 Dodging
 - Level 11.7 Stealth
 - Level 16.6 Unarmed Combat
 - Level 12.8 Evocations
 * Level 12.3 Shapeshifting


You had 17 spell levels left.
You didn't know any spells.
Your spell library contained the following spells:

 Spells                   Type           Power      Damage    Failure   Level
 Foxfire                  Conj/Fire      0%         2x1d4     30%         1
 Magic Dart               Conj           0%         1d3       30%         1
 Blink                    Tloc           0%         N/A       43%         2
 Call Imp                 Summ           0%         N/A       43%         2
 Momentum Strike          Conj/Tloc      0%         3d8       43%         2
 Passage of Golubria      Tloc           0%         N/A       97%         4
 Silence                  Hex/Air        0%         N/A       100%        5
 Summon Forest            Summ/Tloc      0%         N/A       100%        5
 Plasma Beam              Fire/Air       0%         2x1d10    100%        6
 Starburst                Conj/Fire      0%         6d3       100%        6
 Lehudib's Crystal Spear  Conj/Erth      0%         10d2      100%        8
 Dimensional Bullseye     Hex/Tloc       Unusable   N/A       N/A         4

Dungeon Overview and Level Annotations

Branches:
Dungeon (15/15)            Temple (0/1) D:5            Lair (5/5) D:8
  Swamp (4/4) Lair:2       Spider (2/4) Lair:3        Slime (0/5) Lair:5
    Orc (2/2) D:9             Elf (0/3) Orc:2        Vaults (0/5) D:14
 Depths (0/4) D:15          IceCv (visited)         Gauntlet (visited)

Altars:
Dithmenos
Kikubaaqudgha
Beogh

Shops:
D:6 (   D:8 *   Orc:2 !:((

Annotations:
Spider:2 Arachne


Innate Abilities, Weirdness & Mutations

You are an enormous serpent.
You have a powerful constriction melee attack.
Your maximum health is increased.
((You have sharp claws.))
((You have razor-sharp teeth.))
You have supernaturally acute eyesight. (SInv)
((Your thick and shaggy fur keeps you warm. (AC +3, rC+)))
((Your paws help you pounce on unaware monsters.))
You are incapable of wielding weapons or throwing items.
You cannot wear armour.
You gain extra lives every three experience levels.


Message History

Arachne blinks!
The steelbarb worm is engulfed in poison gas.
The steelbarb worm looks as sick as possible!
The steelbarb worm is engulfed in poison gas.
The steelbarb worm looks as sick as possible!
The tarantella is engulfed in poison gas.
The tarantella is poisoned.
The pharaoh ant bites you!!
You feel drained.
The jumping spider's many legs skitter faintly.
The jumping spider leaps!
The tarantella is engulfed in poison gas.
The tarantella looks even sicker.
The steelbarb worm is engulfed in poison gas.
The steelbarb worm looks as sick as possible!
The pharaoh ant attacks as it pursues you!
The pharaoh ant misses you. The emperor scorpion stings you!!
* * * LOW HITPOINT WARNING * * *
The emperor scorpion barely misses you. x2
Aiming: Warp Space
Press: ? - help, Shift-Dir - straight line
Okay, then.
You feel yourself speed up.
The tarantella looks even sicker.
The steelbarb worm is engulfed in poison gas.
The steelbarb worm looks as sick as possible!
The pharaoh ant misses you.
The tarantella is engulfed in poison gas.
The tarantella looks as sick as possible!
The steelbarb worm is engulfed in poison gas.
The steelbarb worm looks as sick as possible!
The pharaoh ant attacks as it pursues you!
The pharaoh ant completely misses you.
The tarantella is engulfed in poison gas.
The tarantella looks as sick as possible!
The emperor scorpion stings you but does no damage.
The emperor scorpion completely misses you.
The emperor scorpion claws you.
* * * LOW HITPOINT WARNING * * *
The jumping spider leaps!
The pharaoh ant attacks as it pursues you!
The pharaoh ant bites you!!
You die...

.#....§☼.°○°...##......
.....#§°?§§#.........#.
...^#.§§°§##(#......#..
.......#§○°§☼.#.....#...
...#.#..#○○°☼○...........
......$.○s§§#.)..#.......
...#...#sw○s°..§☼........
....#..§°B#..○.....#.#...
.^....#○§S..s°..○......#
#........<†.............
..#.#...†......†...#.#..
.....$.....###........# .
.......................
...#...#....#..^..#....#
.#.......###......######
......### ####..##
....... ####


You could see 2 emperor scorpions, a steelbarb worm (extremely poisoned), a
pharaoh ant and a jumping spider.

Vanquished Creatures
  Nikola (Swamp:4)
  The ghost of Kaq Savaiv the Hand of Fortune, an adept DsGl of Nemelex Xobeh (Swamp:2)
  2 thorn hunters
  Roxanne (Swamp:3)
  Donald (Swamp:2)
  4 ghouls (Swamp:4)
  A broodmother (Spider:1)
  3 eleionomae
  A minotaur (Gauntlet)
  2 bunyips
  The ghost of pigah the Spear-Bearer, a journeyman CoGl of Gozag (Lair:2)
  A fire dragon (D:14)
  A shambling mangrove (Swamp:2)
  8 hydras
  Erolcha (D:12)
  A rakshasa (D:15)
  An ironbound frostheart (IceCv)
  4 alligators
  2 catoblepae (Lair:5)
  7 vault guards
  3 radroaches (Spider:1)
  2 ghost crabs (Swamp:3)
  3 ogre magi (Orc:2)
  9 two-headed ogres
  A centaur warrior (D:13)
  6 boulder beetles
  2 death knights (D:13)
  3 tengu warriors
  4 demonic crawlers
  4 death yaks (IceCv)
  5 orc high priests (Orc:2)
  11 spriggans
  Amaemon (D:8)
  An occultist (D:15)
  A skyshark (Lair:1)
  A death drake (Swamp:1)
  2 pharaoh ants (Spider:1)
  A glowing orange brain (Gauntlet)
  4 bog bodies
  2 goliath frogs (Swamp:1)
  2 swamp dragons
  2 lindwurms
  2 spriggan druids
  3 steelbarb worms
  Pikel (D:5)
  A necromancer (D:15)
  A wolf spider zombie (D:15)
  A deep elf pyromancer (D:15)
  2 orc knights
  7 wolf spiders (Spider:1)
  3 will-o-the-wisps (Swamp:1)
  An orc sorcerer (D:15)
  A large abomination (Gauntlet)
  14 ugly things
  3 moths of wrath
  3 cyclopes (D:12)
  3 meliai
  3 manticores
  6 black mambas
  6 kobold blastminers
  A centaur zombie (D:15)
  9 elephants
  Joseph (D:8)
  4 torpor snails
  An ice statue (IceCv)
  An orange demon (D:8)
  A gargoyle (D:10)
  19 cane toads
  An unseen horror (D:10)
  11 komodo dragons
  5 rime drakes
  A redback zombie (D:15)
  A centaur skeleton (D:15)
  2 tengu conjurers
  13 polar bears
  6 trolls
  2 hornets (shapeshifter)
  12 hornets
  11 tarantellas
  22 blink frogs
  14 slime creatures
  6 tyrant leeches
  A dream sheep (Lair:5)
  A centaur simulacrum (D:15)
  13 culicivoras
  13 jumping spiders
  4 small abominations (Gauntlet)
  7 wyverns
  57 yaks
  3 shadows
  3 wraiths
  2 fire bats (Lair:4)
  Grum (Lair:1)
  A vampire (D:15)
  8 basilisks
  17 vampire mosquitoes
  3 steam dragons
  8 wargs (Orc:2)
  4 redbacks
  14 swamp worms
  3 swamp drakes
  13 water moccasins
  2 laughing skulls (D:14)
  11 orc warriors
  4 black bears
  2 ice beasts (D:6)
  6 centaurs
  9 ogres
  50 wolves
  A phantom (D:6)
  A brain worm (shapeshifter) (D:15)
  3 kobold brigands
  2 lemures (D:5)
  12 bullfrogs
  A scorpion (D:5)
  6 wights
  6 killer bees
  An electric eel (Orc:2)
  5 howler monkeys
  2 bombardier beetles
  20 orc priests
  6 hounds
  8 jellies
  2 sleepcaps (D:6)
  4 iguanas
  21 orc wizards
  7 hell rats
  4 adders
  4 gnolls
  15 white imps
  2 dart slugs
  2 ribbon worms
  101 orcs
  8 endoplasms
  6 giant cockroaches
  3 goblins
  15 hobgoblins
  11 jackals
  7 quokkas
  8 ball pythons
  6 bats
  6 frilled lizards
  21 kobolds
  4 rats
910 creatures vanquished.

Vanquished Creatures (collateral kills)
  An entropy weaver (Spider:1)
  2 hydras (Lair:5)
  An ironbound frostheart (IceCv)
  An ugly thing (D:15)
  A polar bear (IceCv)
  A hornet (Swamp:2)
  A blink frog (Lair:1)
  A spriggan (Swamp:2)
  4 yaks
  2 redbacks (Spider:1)
  2 water moccasins (Lair:1)
  2 wolves (Lair:1)
  A lemure (D:5)
  A bullfrog (Lair:1)
21 creatures vanquished.

Vanquished Creatures (others)
  A tengu warrior (D:13)
  A death yak (IceCv)
  A spriggan (Swamp:2)
  2 bloated husks
  A hornet (Swamp:2)
  A troll (D:13)
  A jumping spider (Spider:2)
  4 yaks
  A wolf (Lair:1)
  A lemure (D:5)
  A bullfrog (Lair:1)
  2 orc priests (Orc:2)
  An orc (D:14)
  A goblin (D:2)
  12 foxfires
31 creatures vanquished.

Grand Total: 962 creatures vanquished

Notes
Turn   | Place    | Note
-------+----------+-------------------------------------------
     0 | D:1      | juan097 the Felid Berserker began the quest for the Orb.
     0 | D:1      | Reached XP level 1. HP: 12/12 MP: 2/2
     0 | D:1      | Noticed a dwarf
     4 | D:1      | Noticed a minotaur
     7 | D:1      | Noticed an oni
     8 | D:1      | Noticed a formicid
    13 | D:1      | Noticed a minotaur
    15 | D:1      | Noticed an octopode
    15 | D:1      | Noticed a demigod
    17 | D:1      | Noticed a barachi
    17 | D:1      | Noticed an oni
    17 | D:1      | Noticed a barachi
    19 | D:1      | Noticed an octopode
    19 | D:1      | Noticed a naga
    21 | D:1      | Noticed an octopode
   116 | D:1      | Reached XP level 2. HP: 5/16 MP: 3/3
   246 | D:1      | Reached skill level 1 in Stealth
   521 | D:1      | Reached XP level 3. HP: 20/20 MP: 4/4
  1321 | D:2      | Reached XP level 4. HP: 14/24 MP: 5/5
  1321 | D:2      | Gained a life (2 lives remaining)
  1363 | D:2      | Found a faded altar of an unknown god.
  1380 | D:2      | Identified the +2 mace "juan097's Regret" {flame, rPois rN+
                  | Str+2}
  1573 | D:2      | Reached ** piety under Trog
  2001 | D:3      | Identified the +3 leather armour of Vehumet's Castigation
                  | {Rampage +Blink rC+ Will-}
  2163 | D:3      | Reached XP level 5. HP: 13/29 MP: 6/6
  2328 | D:3      | HP: 1/29 [burnt (2)]
  2329 | D:3      | Incinerated by a bombardier beetle
  2329 | D:3      | Lost a life (1 life remaining)
  2423 | D:3      | Reached skill level 5 in Dodging
  2913 | D:4      | Gained mutation: You are covered in thick fur. (AC +2)
                  | [Felid growth]
  2913 | D:4      | Reached XP level 6. HP: 8/33 MP: 7/7
  3280 | D:4      | Reached skill level 5 in Unarmed Combat
  3365 | D:4      | Reached *** piety under Trog
  3967 | D:5      | Entered Level 5 of the Dungeon
  4148 | D:5      | Noticed Pikel
  4318 | D:5      | Reached skill level 1 in Evocations
  4384 | D:5      | Reached XP level 7. HP: 23/38 MP: 8/8
  4384 | D:5      | Gained a life (2 lives remaining)
  4626 | D:5      | Killed Pikel
  4627 | D:5      | Reached skill level 6 in Dodging
  4627 | D:5      | Reached skill level 5 in Stealth
  4627 | D:5      | Reached XP level 8. HP: 37/42 MP: 9/9
  4786 | D:5      | Reached skill level 5 in Fighting
  5305 | D:6      | Reached skill level 7 in Dodging
  5738 | D:6      | Found Diad's Weapon Boutique.
  6347 | D:7      | Reached XP level 9. HP: 48/48 MP: 10/10
  6414 | D:7      | Reached skill level 8 in Dodging
  7039 | D:8      | Noticed Joseph
  7051 | D:8      | Killed Joseph
  7089 | D:8      | Reached skill level 5 in Evocations
  7266 | D:7      | Reached skill level 9 in Dodging
  7409 | D:8      | Found a staircase to the Lair.
  7482 | D:8      | HP: 3/73 [yak (13)]
  7488 | D:8      | Mangled by a yak
  7488 | D:8      | Lost a life (1 life remaining)
  7498 | D:8      | Found a shadowy altar of Dithmenos.
  7560 | D:8      | Reached **** piety under Trog
  7689 | D:8      | Reached XP level 10. HP: 35/55 MP: 11/11
  7689 | D:8      | Gained a life (2 lives remaining)
  7819 | D:8      | Identified the +1 robe of Repulsion {^Drain Dex+6}
  8247 | Lair:1   | Entered Level 1 of the Lair of Beasts
  8248 | Lair:1   | Noticed a black mamba
  8249 | Lair:1   | Noticed Grum
  8312 | D:8      | Killed a black mamba
  8313 | D:8      | Reached skill level 10 in Unarmed Combat
  8690 | D:9      | Reached skill level 10 in Dodging
  8699 | D:9      | Noticed a two-headed ogre
  8742 | D:9      | Killed a two-headed ogre
  8955 | D:8      | Noticed an orange demon
  8958 | D:8      | Noticed Amaemon
  8976 | D:8      | Killed Amaemon
  8982 | D:8      | Killed an orange demon
  9162 | D:8      | Found Sec Jeinn's General Store.
  9167 | D:8      | Bought a potion of curing for 45 gold pieces
  9167 | D:8      | Bought a scroll of identify for 30 gold pieces
  9172 | D:8      | Identified a scroll of acquirement
  9186 | D:8      | Acquired a manual of Unarmed Combat
  9474 | D:10     | Entered Level 10 of the Dungeon
  9595 | D:10     | Reached XP level 11. HP: 60/60 MP: 12/12
 10062 | D:10     | Reached skill level 11 in Dodging
 10900 | D:11     | Noticed a boulder beetle
 10998 | D:11     | Killed a boulder beetle
 10999 | D:11     | Reached skill level 12 in Dodging
 11501 | D:11     | Noticed a boulder beetle
 11676 | D:11     | Noticed a two-headed ogre
 11684 | D:11     | Killed a two-headed ogre
 12084 | Lair:1   | Killed Grum
 12144 | D:8      | Reached skill level 10 in Stealth
 12268 | Lair:1   | Reached skill level 1 in Shapeshifting
 12672 | Lair:1   | Noticed a skyshark
 12890 | Lair:1   | Gained mutation: Your thick and shaggy fur keeps you warm.
                  | (AC +3, rC+) [Felid growth]
 12890 | Lair:1   | Reached XP level 12. HP: 57/65 MP: 11/13
 13240 | Lair:1   | Noticed a six-headed hydra
 14139 | Lair:2   | Reached ***** piety under Trog
 14354 | Lair:2   | Reached skill level 13 in Dodging
 14509 | Lair:2   | Noticed pigah's ghost (journeyman CoGl)
 14663 | Lair:2   | Found a staircase to the Swamp.
 15178 | Lair:2   | Found a runed translucent door.
 15459 | Lair:3   | Found a frozen archway.
 15516 | IceCv    | Entered an ice cave
 15716 | IceCv    | Noticed a death yak
 15717 | IceCv    | Noticed a death yak
 15737 | IceCv    | Killed a death yak
 15744 | IceCv    | Killed a death yak
 15745 | IceCv    | Reached skill level 5 in Shapeshifting
 15905 | IceCv    | Reached XP level 13. HP: 69/70 MP: 14/14
 16534 | IceCv    | HP: 2/71 [death yak (23)]
 16540 | IceCv    | Reached skill level 10 in Evocations
 16873 | IceCv    | Reached skill level 14 in Dodging
 16930 | IceCv    | Reached skill level 10 in Fighting
 17261 | IceCv    | Upgraded the game from 0.32-a0-666-ge8a88695a4 to
                  | 0.32-a0-673-g3729bd50f8
 17931 | Lair:3   | Found a hole to the Spider Nest.
 18829 | Lair:4   | Reached skill level 15 in Dodging
 19716 | Lair:5   | Entered Level 5 of the Lair of Beasts
 20708 | Lair:5   | Reached XP level 14. HP: 22/77 MP: 7/15
 21543 | Lair:5   | Found a staircase to the Slime Pits.
 22051 | Lair:5   | Reached skill level 16 in Dodging
 22406 | Lair:5   | Reached skill level 10 in Shapeshifting
 23621 | Lair:2   | Killed pigah's ghost
 24099 | Lair:1   | HP: 5/138 [six-headed hydra (6)]
 24472 | D:9      | Found a staircase to the Orcish Mines.
 24628 | Orc:1    | Entered Level 1 of the Orcish Mines
 24783 | Orc:1    | Reached ****** piety under Trog
 25213 | Orc:1    | Found Oxidaow's Gadget Gallery.
 25674 | Orc:2    | Entered Level 2 of the Orcish Mines
 25739 | Orc:2    | Found a flickering gateway to a bazaar.
 25750 | Bazaar   | Entered a bazaar
 25829 | Bazaar   | Found Ybytuo Xerau's Jewellery Boutique.
 25848 | Bazaar   | Found Supheat's Weapon Emporium.
 25872 | Bazaar   | Found Zucotuemm's Armour Boutique.
 25892 | Bazaar   | Found Cietelui's Antique Weapon Shoppe.
 25917 | Bazaar   | Bought an amulet of faith for 400 gold pieces
 25917 | Bazaar   | Bought the ring of Liberty {Fire Int+3} for 383 gold pieces
 25917 | Bazaar   | Bought a ring of resist corrosion for 200 gold pieces
 25917 | Bazaar   | Bought a ring of positive energy for 200 gold pieces
 26229 | Orc:2    | Paralysed by an ogre mage for 4 turns
 26250 | Orc:2    | Reached skill level 15 in Unarmed Combat
 26541 | Orc:2    | Found a staircase to the Elven Halls.
 26632 | Orc:2    | Found a roughly hewn altar of Beogh.
 26644 | Orc:2    | Found Dytegak's Book Shop.
 26660 | Orc:2    | Found Ureom's Distillery.
 27081 | Orc:2    | Reached skill level 17 in Dodging
 27278 | Orc:2    | Found Yjyoto Mool's Antique Weapon Shop.
 27278 | Orc:2    | Found Siobaog's Weapon Boutique.
 27357 | Orc:2    | Bought 2 potions of degeneration for 24 gold pieces
 27357 | Orc:2    | Bought a potion of invisibility for 96 gold pieces
 27357 | Orc:2    | Bought a potion of mutation for 96 gold pieces
 27357 | Orc:2    | Bought a potion of heal wounds for 60 gold pieces
 27357 | Orc:2    | Bought a potion of might for 48 gold pieces
 27357 | Orc:2    | Bought a potion of enlightenment for 60 gold pieces
 27378 | Orc:2    | Reached XP level 15. HP: 81/82 MP: 16/16
 27731 | Orc:1    | Bought a wand of acid (3) for 151 gold pieces
 27731 | Orc:1    | Bought a wand of charming (2) for 57 gold pieces
 27731 | Orc:1    | Bought a wand of warping (2) for 57 gold pieces
 27731 | Orc:1    | Bought a wand of warping (6) for 172 gold pieces
 27863 | D:5      | Found a staircase to the Ecumenical Temple.
 28110 | D:5      | Identified the +0 robe "Tohujuz" {rPois rN++ Will- Int+2}
 29654 | D:12     | Noticed Erolcha
 29673 | D:12     | Killed Erolcha
 31161 | D:14     | Found a gate to the Vaults.
 31547 | D:14     | Reached skill level 18 in Dodging
 31983 | D:14     | Found an ancient bone altar of Kikubaaqudgha.
 32682 | D:15     | Entered Level 15 of the Dungeon
 32948 | D:15     | Found a gate leading to a gauntlet.
 32963 | Gauntlet | Entered a Gauntlet
 32963 | Gauntlet | Found a transporter.
 33069 | Gauntlet | Found a transporter.
 33071 | Gauntlet | Found a transporter.
 33076 | Gauntlet | Found a runed translucent door.
 33076 | Gauntlet | Found a runed translucent door.
 33081 | Gauntlet | Found a transporter.
 33084 | Gauntlet | Found a transporter.
 33092 | Gauntlet | Found a transporter.
 33113 | Gauntlet | Found a transporter.
 33124 | Gauntlet | Found a transporter.
 33134 | Gauntlet | Found a transporter.
 33153 | Gauntlet | Found a transporter.
 33166 | Gauntlet | Found a transporter.
 33167 | Gauntlet | Found a transporter.
 33215 | Gauntlet | Found a transporter.
 33229 | Gauntlet | Found a transporter.
 33232 | Gauntlet | Found a runed translucent door.
 33594 | Gauntlet | Identified the amulet of the Scorching Gods {Acrobat rC+
                  | Str+4 Dex+3}
 33630 | Gauntlet | Identified the +4 hand axe of Earthquakes {speed, rN++}
 33630 | Gauntlet | Identified the amulet of Mysticism {^Drain rC+++ Regen+
                  | MP+9 Int+2}
 33658 | Gauntlet | Identified the ring of the Turtle {rF+ Str+2 Dex-3 Stlth+}
 33702 | Gauntlet | Got Sif Muna's Volume of Angles
 33819 | D:14     | Incinerated by a deep elf pyromancer
 33819 | D:14     | Lost a life (1 life remaining)
 33862 | D:15     | Reached skill level 19 in Dodging
 34008 | D:15     | Found Mierol's Blood Bar.
 34532 | D:15     | Found a staircase to the Depths.
 34726 | D:15     | Reached XP level 16. HP: 91/91 MP: 17/17
 34726 | D:15     | Gained a life (2 lives remaining)
 34922 | Swamp:1  | Entered Level 1 of the Swamp
 35079 | Swamp:1  | Noticed a thorn hunter
 35093 | Swamp:1  | Killed a thorn hunter
 35440 | Swamp:1  | Reached skill level 20 in Dodging
 35597 | Swamp:2  | Mangled by a tyrant leech
 35597 | Swamp:2  | Lost a life (1 life remaining)
 35865 | Swamp:1  | Reached XP level 17. HP: 97/97 MP: 18/18
 35865 | Swamp:1  | Gained a life (2 lives remaining)
 35893 | Swamp:2  | Killed from afar by a thorn hunter
 35893 | Swamp:2  | Lost a life (1 life remaining)
 35997 | Swamp:2  | HP: 3/116 [spriggan rider/+0 spear (19)]
 36093 | Swamp:2  | Found a runed translucent door.
 36093 | Swamp:2  | Noticed Kaq Savaiv's ghost (adept DsGl)
 36136 | Swamp:2  | HP: 3/174 [Kaq Savaiv's ghost (28)]
 36136 | Swamp:2  | Slain by Kaq Savaiv's ghost
 36136 | Swamp:2  | Lost a life (0 lives remaining)
 36146 | Swamp:2  | Killed Kaq Savaiv's ghost
 36496 | Swamp:3  | Noticed Donald
 36519 | Swamp:2  | Killed Donald
 36972 | Swamp:3  | HP: 3/117 [spectral spriggan berserker[a ghost crab] (13)]
 37112 | Swamp:3  | Noticed Roxanne
 37387 | Swamp:3  | Killed Roxanne
 37442 | Swamp:4  | Entered Level 4 of the Swamp
 37631 | Swamp:4  | Noticed Nikola
 37644 | Swamp:4  | Killed Nikola
 37790 | Spider:1 | Entered Level 1 of the Spider Nest
 38481 | Spider:1 | Reached XP level 18. HP: 102/102 MP: 19/19
 38629 | Spider:1 | Identified the +0 leather armour of the Arena {rElec rF+
                  | Int+4}
 39207 | Spider:2 | Noticed Arachne
 39220 | Spider:2 | Mangled by a pharaoh ant

Illustrated notes

Levels and vault maps discovered:
D:1:      shiori_arrival_whats_in_store_for_you, layout_basic
D:2:      layout_loops_corners, shapermc_ecumenical_altar_acropolis,
          roderic_cross_of_infinity, minmay_domino_4
D:3:      layout_loops_ring, lemuel_flame_loot_1
D:4:      layout_cave_pods
D:5:      layout_loops_ring, minmay_temple_entry_drinking_statues, uniq_pikel
D:6:      layout_gridville, serial_shops, kennysheep_mini,
          minmay_misc_feat_tiny, chequers_serial_rivers_small_b,
          kennysheep_generic_room_7
D:7:      layout_gridville, chequers_avenue
D:8:      layout_loops_ring, nicolae_dithmenos_shadow_blocks, lair_entry_dummy,
          serial_shops, shop, minmay_joined_circles, uniq_amaemon, uniq_joseph
D:9:      layout_stronghold, orc_0_dummy
D:10:     layout_loops_corners
D:11:     layout_stronghold
D:12:     layout_roguey, uniq_erolcha
D:13:     hellmonk_destroyed_diamonds, layout_loops_ring
D:14:     layout_long_grid, erik_vaults_2, kiku_gazebo_pond_becter
D:15:     grunt_enter_depths_magical_seal, layout_irregular_city,
          gauntlet_entry_generic, guppyfry_shop_blood
Lair:1:   layout_concentric_octagons, minmay_shattered_shrine, uniq_grum
Lair:2:   layout_cave_pods, swamp_mist, hellmonk_ghost_happy_afterlife,
          lemuel_fruit_tree
Lair:3:   layout_regular_city, hellmonk_spider_entry_life_and_decay,
          portal_ice_cave_entry_imps
Lair:4:   layout_gridlike, evilmike_ambush [evilmike_ambush_outer_pillars,
          evilmike_ambush_inner_basic]
Lair:5:   hangedman_lair_in_review, layout_hall_layers,
          nicolae_slime_entry_field_trip, kennysheep_basilisk_garden
Swamp:1:  layout_basic_swamp, evilmike_swamp_ruin_house_5,
          nicolae_swamp_decorative_isthmus, infiniplex_staircase_pool
Swamp:2:  layout_falls_marsh, gammafunk_ghost_grave, wheals_swamp_sinkhole
Swamp:3:  layout_basic_swamp, nicolae_swamp_small_spring, uniq_roxanne,
          uniq_donald
Swamp:4:  swamp_fiery, layout_basic_swamp, uniq_nikola
Spider:1: layout_cave_pods
Spider:2: layout_spider_delve, nicolae_spider_jagged_tunnels, uniq_arachne
Orc:1:    cheibrodos_orc_bank, layout_caves, nicolae_shop_gadgets
Orc:2:    st_orc_town, layout_caves, serial_shops, bzr_entry_lakeside,
          mines5_lemuel

Skill      XL: |  1  2  3  4  5  6  7  8  9 10 11 12 13 14 15 16 17 18 |
---------------+-------------------------------------------------------+-----
Stealth        | 1 2 3 4 5 6 10 11 | 11.7
Unarmed Combat | 4 5 6 7 9 11 12 13 14 15 16 | 16.6
Dodging        | 5 6 7 9 10 12 13 15 17 19 20 | 20.6
Fighting       | 4 5 7 8 9 10 11 13 14 | 14.6
Evocations     | 1 2 4 5 7 8 9 10 11 12 | 12.8
Shapeshifting  | 2 5 9 10 11 12 | 12.3

Action                     |  1- 3 |  4- 6 |  7- 9 | 10-12 | 13-15 | 16-18 || total
---------------------------+-------+-------+-------+-------+-------+-------++-------
  Melee: Unarmed           |    93 |   224 |   266 |   679 |  1416 |   504 ||  3182
         Bite              |    12 |    23 |    38 |    85 |   112 |       ||   270
         Punch             |     1 |    10 |    15 |    62 |    40 |       ||   128
         Constrict         |       |       |       |       |   160 |   117 ||   277
 Invoke: Berserk           |     2 |     3 |     8 |     9 |    10 |    12 ||    44
         Brothers in Arms  |       |       |       |     2 |     3 |     1 ||     6
         Trog's Hand       |       |       |       |     1 |     4 |     3 ||     8
  Evoke: Wand              |       |       |     2 |    18 |    13 |    16 ||    49
         Phantom mirror    |       |       |       |       |     5 |     1 ||     6
         Phial of floods   |       |       |       |       |       |     1 ||     1
    Use: Scroll            |       |       |       |    18 |    14 |     7 ||    39
         Potion            |       |       |       |       |     1 |    10 ||    11
   Stab: Sleeping          |     5 |     9 |     5 |    18 |    21 |    19 ||    77
         Distracted        |       |     1 |       |     5 |     5 |     3 ||    14
         Petrified         |       |       |       |       |     1 |       ||     1
         Held in net/web   |       |       |       |       |       |     1 ||     1
 Armour: Skin              |    35 |    61 |    78 |   176 |   588 |   332 ||  1270
  Dodge: Dodged            |    70 |   151 |   187 |   606 |  1319 |   482 ||  2815
   Form: Flux              |       |       |       |       |     1 |       ||     1
         Serpent           |       |       |       |       |     1 |       ||     1

Table legend: (Time is in decaauts)
 A = Elapsed time spent in this place.
 B = Non-inter-level travel time spent in this place.
 C = Inter-level travel time spent in this place.
 D = Time resting spent in this place.
 E = Time spent auto-exploring this place.
 F = Levels seen in this place.
 G = Mean time per level.
                   A        B        C        D        E       F      G
               +--------+--------+--------+--------+--------+-----+--------+
         Total |  38938 |  36657 |   2281 |   3131 |  25032 |  31 | 1256.1 |
       Dungeon |  18885 |  17455 |   1430 |   1635 |  12175 |  15 | 1259.0 |
          Lair |  10200 |   9640 |    560 |    552 |   6887 |   5 | 2040.0 |
         Swamp |   2724 |   2589 |    135 |    268 |   1539 |   4 |  681.0 |
   Spider Nest |   1413 |   1413 |      0 |     13 |   1000 |   2 |  706.5 |
  Orcish Mines |   2921 |   2766 |    155 |    433 |   1660 |   2 | 1460.5 |
        Bazaar |    179 |    179 |      0 |      0 |    157 |   1 |  179.0 |
      Ice Cave |   1880 |   1880 |      0 |    228 |   1057 |   1 | 1880.0 |
      Gauntlet |    732 |    732 |      0 |      0 |    556 |   1 |  732.0 |
               +--------+--------+--------+--------+--------+-----+--------+

Top non-repeatable levels by time:
  Lair:5: 2583 daAuts
     D:8: 2142 daAuts
  Lair:1: 2021 daAuts
  Lair:2: 1993 daAuts
  Lair:4: 1901 daAuts
   IceCv: 1880 daAuts
    D:13: 1766 daAuts
  Lair:3: 1700 daAuts
   Orc:1: 1610 daAuts
    D:11: 1501 daAuts
     D:6: 1402 daAuts
Spider:1: 1322 daAuts
   Orc:2: 1311 daAuts
     D:3: 1238 daAuts
     D:2: 1204 daAuts
